[Event "*** Titled Tuesday Blitz"]
[Site "Chess.com"]
[Date "2020.05.19"]
[Round "5"]
[White "memer5334"]
[Black "amiralfio"]
[Result "0-1"]
[WhiteElo "2221"]
[BlackElo "2463"]
[TimeControl "180+1"]
[EndTime "12:59:43 PDT"]
[Termination "amiralfio won by checkmate"]

1. d4 f5 2. Nf3 Nf6 3. Nc3 e6 4. Bg5 Bb4 5. e3 b6 6. Bd3 Bb7 7. O-O Bxc3 8. bxc3 O-O 9. Ne5 d6 10. Nc4 Nbd7 11. Nd2 Qe8 12. f3 Qh5 13. h4 h6 14. Bxf6 Nxf6 15. Qe1 e5 16. e4 f4 17. g4 fxg3 18. Qxg3 Kh8 19. Kh1 g5 20.
dxe5 gxh4 21. Qh2 dxe5 22. Nc4 Rae8 23. Ne3 Nd7 24. Nf5 Rxf5 25. exf5 Bxf3+ 26. Rxf3 Qxf3+ 27. Qg2 Qxg2+ 28. Kxg2 Rg8+ 29. Kf2 Nf6 30. Rh1 Rg4 31. Ke2 Kg7 32. Kd2 Rg2+ 33. Kc1 Rg4 34. Bc4 Rxc4 35. Kb2 h5 36. Rg1+ Kf7 37. Rd1 h3 38. Rh1 Rh4 39.
Rh2 Ng4 40. Rd2 h2 41. Rd7+ Kf6 42. Rh7 h1=Q 43. Rxc7 Qf1 44. Rc6+ Kxf5 45. Rc8 Rh1 46.
Rf8+ Nf6 47. Rxf6+ Kxf6 48. a4 Qa1+ 49. Kb3 Rb1+ 50.
Kc4 Qxa4+ 51. Kd3 Rc1 52. c4 Qxc2+ 53. Ke3 Qxc4 54. Kf2 Rc2+ 55. Ke3 b5 56. Kf3 b4 57. Kg3 b3 58. Kh3 b2 59. Kg3 a5 60. Kh3 a4 61. Kg3 a3 62. Kh3 a2 63. Kg3 h4+ 64. Kh3 Qc3+ 65. Kxh4 Ke6 66. Kg4 e4 67. Kf4 Kd6 68.
Kxe4 b1=N 69. Kf5 Qd3+ 70. Kf4 Qd2+ 71. Ke4 Rc1 72. Kf3 Re1 73. Kg3 Qe2 74. Kh3 Qe3+ 75. Kh2 Qf2+ 76. Kh3 Qf1+ 77. Kh2 Re2+ 78. Kg3 Qf2+ 79.
Kh3 Re3+ 80. Kg4 Qg3+ 81. Kf5 Re5+ 82. Kf6 Qg5+ 83. Kf7 Re7+ 84. Kf8 Rf7+ 85. Kxf7 a1=B 86. Ke8 Qg6+ 87. Kf8 Qe8+ 88. Kxe8 Bf6 89. Kf7 Ke5 90. Kg6 Nc3 91. Kh5 Kf5 92. Kh6 Ne4 93. Kh7 Nd6 94.
Kg8 Ne8 95. Kf8 Ng7 96. Kf7 Nh5 97. Ke8 Ke6 98. Kf8 Ng7 99. Kg8 Ke7 100. Kh7 Kf7 101. Kh6 Be7 102. Kh7 Bg5 103. Kh8 Ne6 104. Kh7 Nf8+ 105. Kh8 Bf6# 0-1

[Event "*** Titled Tuesday Blitz"]
[Site "Chess.com"]
[Date "2020.05.19"]
[Round "5"]
[White "valeriocarnicelli"]
[Black "Gajuchess"]
[Result "0-1"]
[WhiteElo "2549"]
[BlackElo "2733"]
[TimeControl "180+1"]
[EndTime "12:59:50 PDT"]
[Termination "Gajuchess won on time"]

1. e4 c6 2. Nc3 d5 3. Nf3 Bg4 4. h3 Bxf3 5. Qxf3 e6 6. d4 Nf6 7.
Bd3 dxe4 8. Nxe4 Qxd4 9. O-O Nbd7 10. Be3 Qd5 11. Nxf6+ Nxf6 12. Qe2 Be7 13. Rfd1 Qa5 14.
c3 O-O 15. Bc2 Rfd8 16. Bd4 Qc7 17. Be5 Qb6 18. Bd4 c5 19. Be5 Nd7 20. Bg3 Nf8 21.
Be5 Rxd1+ 22. Rxd1 Rd8 23. Rxd8 Qxd8 24. Qd3 Qxd3 25.
Bxd3 Nd7 26. Bc7 Kf8 27. Be4 b6 28. Bc6 Ke8 29. Bb8 a6 30. Bc7 Bd8 31. Be5 Bf6 32. Bc7 Ke7 33. Bxd7 Kxd7 34. Bxb6 Kc6 35. Ba5 Kb5 36.
Bc7 Kc4 37. Bd6 Kd3 38. Bxc5 Kc2 39. b4 Kxc3 40. a4 Kc4 41. Bf8 g6 42. Kf1 Bc3 43. b5 axb5 44. axb5 Kxb5 45. Ke2 Kc4 46. Kf3 Kd5 47.
Bh6 f5 48. Bc1 e5 49. g4 e4+ 50. Ke2 Ke5 51. f3 f4 52. Ba3 Kd5 53. Bf8 Be5 54. Be7 Kd4 55. Ba3 Kd5 56. Bf8 h5 57. Be7 Ke6 58. Bc5 Kd5 59. Bb4 exf3+ 60. Kxf3 Ke6 61.
Ba3 g5 62. Bb4 Kf6 63. Ba3 Kg6 64. Bb4 Bf6 65. Ba3 h4 66. Bb4 Kf7 67. Ba3 Ke6 68. Bb4 Be5 69. Ba3 Bd6 70. Bb2 Be5 71. Bc1 Kd5 72. Ba3 Bf6 73. Bc1 Kc4 74. Ba3 Kd3 75. Bd6 Kc2 76. Bc5 Kd1 77. Bf2 Be7 78. Bd4 Kd2 79.
Bf2 Kd1 80. Bd4 Ke1 81. Bb6 Kf1 82. Ba7 Bf6 83. Bb6 Be5 84. Ba7 Bf6 85. Bb6 Be7 86.
Bd4 Bd8 87. Bc5 Ke1 88. Bd4 Kd2 89. Bc5 Kd3 90. Ba7 Bc7 91. Bc5 Bd8 92. Bd6 Kc4 93. Be5 Kd5 94. Bc3 Ke6 95. Bd2 Kd7 96. Bc3 Be7 97.
Bd2 Bf6 98. Bb4 Kc6 99. Ba3 Kb5 100. Bd6 Kc4 101. Bc7 Bd4 102. Bd8 Kd5 103. Bxg5 Ke6 104. Kxf4 Bf2 105. Kf3 Be1 106. Bd8 Kf7 0-1

[Event "*** Titled Tuesday Blitz"]
[Site "Chess.com"]
[Date "2020.05.19"]
[Round "5"]
[White "Abund"]
[Black "ASVZ"]
[Result "1-0"]
[WhiteElo "2609"]
[BlackElo "2382"]
[TimeControl "180+1"]
[EndTime "13:00:00 PDT"]
[Termination "Abund won on time"]

1. d4 e6 2. c4 b6 3. e4 Bb7 4. Nc3 Bb4 5. Bd3 f5 6. Qh5+ g6 7. Qe2 Qh4 8. Nf3 Bxc3+ 9. bxc3 Qg4 10. h3 Qh5 11. g4 fxg4 12. Ne5 Nc6 13. Nxc6 Bxc6 14.
Qxg4 Nf6 15. Qxh5 Nxh5 16. d5 Bb7 17. Bh6 O-O-O 18. O-O-O Rde8 19. Rde1 e5 20. Be2 Nf4 21. Bf1 Re7 22. Bxf4 exf4 23. h4 d6 24. Bh3+ Kb8 25.
Be6 Ba6 26. e5 dxe5 27. Rxe5 Bxc4 28. Re4 b5 29. Rxf4 Rd8 30. Rd1 Kb7 31. a4 a6 32. Rd2 Rd6 33. axb5 axb5 34. Rf8 Ra6 35. f4 Ra1+ 36. Kb2 Ra2+ 37. Kc1 Rxd2 38. Kxd2 Kb6 39. Kc2 Kc5 40. Rd8 Kb6 41. Rb8+ Ka7 42. Rc8 Kb7 43.
Rd8 Kb6 44. Kd2 Kc5 45. Rc8 Bxd5 46. Bxd5 Kxd5 47. Rf8 Kc4 48. f5 Rd7+ 49. Kc2 Rd5 50.
fxg6 hxg6 51. Rf6 Rh5 52. Rxg6 Rxh4 53. Rc6+ Kd5 54. Rxc7 Kd6 55. Rc8 Kd7 56. Rc5 b4 57. c4 Kd6 58. Rd5+ Kc6 59. Kb3 Kb6 60. Kxb4 Kc6 61. Rg5 Kc7 62. Rg6 Kb7 63. Kb5 Rh5+ 64. c5 Rh1 65. Rg7+ Kc8 66. Kb6 Rb1+ 67. Kc6 Kd8 68.
Rg8+ Ke7 69. Rh8 Rb2 70. Kc7 Ke6 71. c6 Ke7 72. Kc8 Kd6 73. Rh6+ Ke7 74. Rh7+ Kd6 75. c7 Ra2 76. Kd8 Ra8+ 77. c8=Q Rxc8+ 78. Kxc8 Ke6 79.
Kd8 Kf5 80. Ke8 Kg4 81. Rh1 Kf3 82. Ra1 Ke4 83. Ra8 Kf3 84. Kd7 Ke4 85. Kd6 Kd3 86.
Rd8 Kc4 87. Re8 Kb5 88. Rc8 Ka6 89. Rb8 Ka7 90. Rb1 Ka6 91. Kc5 Ka7 92. Kc6 1-0

[Event "*** Titled Tuesday Blitz"]
[Site "Chess.com"]
[Date "2020.05.19"]
[Round "5"]
[White "cassoulet"]
[Black "Thee-Chessboy"]
[Result "1-0"]
[WhiteElo "2649"]
[BlackElo "2402"]
[TimeControl "180+1"]
[EndTime "13:01:13 PDT"]
[Termination "cassoulet won by resignation"]

1. e4 c5 2. Nf3 d6 3. d4 cxd4 4. Nxd4 Nf6 5. Nc3 a6 6. g3 e6 7.
Bg2 Be7 8. O-O O-O 9. f4 Qc7 10. Be3 Nbd7 11. g4 Nb6 12. g5 Nfd7 13. Rf3 Nc4 14. Bc1 Re8 15. Rh3 Nf8 16. f5 Qc5 17.
Na4 Qa5 18. b3 Ne5 19. Bd2 Qc7 20. Rg3 b5 21. Nb2 Bd8 22. Nd3 Bb7 23. Be3 Rc8 24. Nf4 g6 25. f6 Nc6 26. Nxc6 Bxc6 27. Rc1 Qb7 28. Qf3 Nd7 29. Nd3 Bb6 30. Bxb6 Qxb6+ 31. Kh1 Qd4 32. Qf4 h5 33. gxh6 Kh7 34. Rf1 Ne5 35.
Nxe5 dxe5 36. Qf2 Rcd8 37. Rd3 Qxf2 38. Rxf2 Rxd3 39. cxd3 Rd8 40. Rc2 Be8 41. Bf1 Kxh6 42. h4 g5 43. hxg5+ Kxg5 44. Rf2 Rc8 45. Kg2 Rc1 46. Kf3 Kxf6 47. Ke3+ Ke7 48. Bg2 Rc7 49. Bf3 f6 50. Rh2 Kd6 51. Rh8 Bd7 52. Rf8 Rc6 53.
Rxf6 Rc2 54. a4 Rb2 55. axb5 axb5 56. Bd1 Rb1 57. Kd2 Rb2+ 58. Kc3 Rh2 59. Rf8 Rh1 60. Bc2 Rc1 61. Rb8 Kc7 62. Rh8 Re1 63. Kb4 Rc1 64.
Rh2 Kd6 65. Kc3 Re1 66. b4 Rg1 67. Bb3 Rg3 68. Rh6 Rg1 69. Rh8 Rc1+ 70. Bc2 Rg1 71. Ra8 Rg3 72. Ra6+ Kc7 73. Bb3 Rg6 74. Ra5 Kb6 75.
Ra8 Kc7 76. Ra7+ Kd6 77. Bc2 Kc6 78. Ra5 Kb6 79. d4 exd4+ 80. Kxd4 Rg5 81. Ra8 e5+ 82. Kc3 Bc6 83. Rb8+ Kc7 84. Rh8 Rg3+ 85. Kd2 Rg2+ 86. Kc3 Rg3+ 87. Kb2 Re3 88. Rh7+ Kd6 89. Rh6+ Kc7 90. Re6 Kd7 91. Rxe5 Kd6 92. Rc5 Bxe4 93. Bxe4 Rxe4 94. Rxb5 Kc6 95. Rc5+ Kb6 96. Kb3 Re3+ 97. Ka4 Re1 98. Rh5 Ra1+ 99. Kb3 Rb1+ 100. Kc3 Rc1+ 101. Kb2 Rg1 102. Kb3 Rb1+ 103. Kc3 Rc1+ 104. Kb2 Rg1 105. Rf5 Rg3 106. Rd5 Rh3 107. Kc2 Rg3 108. Rd3 Rg2+ 109. Kb3 Rg1 110. Kc4 Rc1+ 111. Rc3 Rxc3+ 112. Kxc3 Kb5 113. Kb3 Kc6 114. Kc4 Kb6 115. Kd4 Kb7 116. Kc5 Kc7 117. Kb5 Kb7 118. Ka5 Ka7 119. Ka4 Kb7 120. Kb5 Ka7 121. Kc6 Kb8 122. Kb6 Kc8 123. Ka7 Kc7 124. b5 Kd6 125. b6 1-0

[Event "*** Titled Tuesday Blitz"]
[Site "Chess.com"]
[Date "2020.05.19"]
[Round "5"]
[White "vpsetter"]
[Black "enriquetejedor"]
[Result "1-0"]
[WhiteElo "2674"]
[BlackElo "2478"]
[TimeControl "180+1"]
[EndTime "13:01:31 PDT"]
[Termination "vpsetter won by checkmate"]

1. e4 e6 2. d4 d5 3. Nc3 Bb4 4. e5 c5 5. a3 Bxc3+ 6. bxc3 Ne7 7. a4 b6 8. a5 Ba6 9. axb6 axb6 10. Bb5+ Kf8 11.
Ne2 Qc8 12. O-O Nbc6 13. Bxa6 Rxa6 14. Rb1 Na5 15. Ng3 Nc4 16. Bg5 Ng6 17. h4 h6 18.
h5 Ne7 19. Bxe7+ Kxe7 20. Qd3 Ra3 21. f4 cxd4 22. Qxd4 Ra5 23. f5 Qc5 24. f6+ gxf6 25. exf6+ Kd7 26. Qxc5 Rxc5 27. Ra1 Ra5 28. Ne2 Rha8 29.
Rxa5 bxa5 30. Nd4 a4 31. Ra1 a3 32. Kf2 Rg8 33. Nb5 Kc6 34. Nxa3 Nd6 35. Kf3 Ne4 36. c4 Nxf6 37. cxd5+ Nxd5 38. Nc4 Rg5 39. g4 f5 40. Ne5+ Kc7 41. Ra7+ Kb8 42. Nc6+ Kc8 43. Rh7 fxg4+ 44.
Kg3 Rxh5 45. Na7+ Kb8 46. Nc6+ Kc8 47. Na7+ Kd8 48. Nc6+ Ke8 49. c4 Nf6 50. Re7+ Kf8 51. Rxe6 Rf5 52. Nd4 Nh5+ 53. Kxg4 Rg5+ 54. Kf3 Kg7 55. Rc6 Rg3+ 56. Ke4 Rh3 57. Ne6+ Kf7 58. Nd8+ Ke8 59. Nb7 Rh4+ 60. Kd5 Nf4+ 61. Kc5 h5 62.
Nd6+ Kd7 63. Ra6 Nd3+ 64. Kb5 Rh1 65. c5 Rb1+ 66. Kc4 Nf4 67. Ra7+ Kc6 68. Ra6+ Kd7 69.
Nf7 Rc1+ 70. Kb4 Nd5+ 71. Kb3 Rxc5 72. Ne5+ Ke7 73. Nc4 Rc7 74. Rh6 Rb7+ 75. Kc2 Nf6 76. Ne5 Rc7+ 77. Kd3 Ke6 78. Nc4 Kf5 79. Ne3+ Kg5 80.
Rh8 Rd7+ 81. Ke2 Re7 82. Kf3 Kg6 83. Rc8 Re5 84. Rc6 Kf7 85. Kf4 Re4+ 86. Kf3 Rb4 87. Nf5 Rb5 88. Nd6+ Ke6 89. Nxb5+ Ke5 90. Rc5+ Ke6 91. Rc6+ Ke5 92. Rc8 Ke6 93. Nd4+ Kf7 94.
Nf5 Kg6 95. Nd6 Nd7 96. Ne4 Ne5+ 97. Kg3 Ng4 98. Rc6+ Kf5 99. Nf2 Ne5 100. Rc5 Kf6 101. Ne4+ Ke6 102. Ra5 Ng6 103. Rxh5 Kf7 104. Ng5+ Kf6 105. Nf3 Nf8 106. Ra5 Ke7 107. Kg4 Nd7 108. Ra7 Kd6 109. Ra6+ Kc7 110. Kf4 Nb8 111. Rh6 Nd7 112. Ne5 Nc5 113. Rc6+ Kd8 114. Rxc5 Ke7 115. Rc4 Ke6 116. Rd4 Kf6 117.
Rd6+ Ke7 118. Ra6 Kd8 119. Kf5 Kc7 120. Rc6+ Kd8 121. Ke6 Ke8 122. Rc8# 1-0

[Event "*** Titled Tuesday Blitz"]
[Site "Chess.com"]
[Date "2020.05.19"]
[Round "5"]
[White "GadimbayliA"]
[Black "Baby_Shak"]
[Result "0-1"]
[WhiteElo "2825"]
[BlackElo "2611"]
[TimeControl "180+1"]
[EndTime "13:01:33 PDT"]
[Termination "Baby_Shak won by checkmate"]

1. e4 d5 2. exd5 Nf6 3. d4 Nxd5 4. c4 Nb6 5. c5 Nd5 6. Nc3 e6 7. Nf3 Be7 8. Bd3 O-O 9. O-O Nc6 10. Qe2 b6 11. Nxd5 exd5 12. cxb6 axb6 13. Bxh7+ Kxh7 14. Qc2+ Kg8 15. Qxc6 Ba6 16. Re1 Bd6 17. Bg5 f6 18. Bh4 Bb4 19. Qe6+ Kh8 20. Re3 Bc8 21. Qc6 Bf5 22.
a3 Be4 23. Ne5 Qd6 24. Qxd6 Bxd6 25. Rxe4 fxe5 26. Rg4 Ra4 27. Rd1 Bc5 28. Bg3 Rxd4 29. Rdxd4 Bxd4 30. b3 Ra8 31. a4 b5 32. h4 bxa4 33.
bxa4 Rxa4 34. Kh2 Ra6 35. Kh3 c5 36. Rg5 Re6 37. f3 c4 38. Rf5 Kg8 39. f4 c3 40.
fxe5 c2 41. Bf4 Bb2 42. Kg4 c1=Q 43. Bxc1 Bxc1 44. Rf1 Be3 45. Kf5 Kf7 46. Rd1 g6+ 47. Kg4 Rxe5 48. Kf3 d4 49. g4 Ke6 50. Rb1 Rd5 51.
Rb6+ Rd6 52. Rb1 Kd5 53. Ke2 Rf6 54. Kd3 Rf4 55. Rb5+ Kc6 56. Rg5 Rf6 57. Ra5 Kb6 58.
Rd5 Rc6 59. Re5 Rc3+ 60. Ke4 Bg1 61. Re6+ Rc6 62. Re8 Rd6 63. Kd3 Be3 64. h5 gxh5 65. gxh5 Rh6 66. Re5 Kc6 67. Ra5 Rh7 68. Rf5 Kd6 69. Ra5 Ke6 70. h6 Kf6 71. Ra6+ Kg5 72. Rc6 Rxh6 73. Rc5+ Kf4 74. Rc8 Ra6 75. Rf8+ Ke5 76.
Re8+ Re6 77. Rd8 Rc6 78. Re8+ Kd6 79. Rd8+ Kc7 80. Rd5 Rc3+ 81. Ke4 Bg1 82. Rb5 Rc6 83. Kd3 Rc3+ 84. Ke4 d3 85. Rd5 Rc4+ 86. Kxd3 Rc6 87. Rg5 Bc5 88. Kc4 Kb6 89. Rg4 Bd6+ 90. Kd3 Be5 91. Ke4 Bd6 92. Rg5 Bc5 93. Kf5 Kb5 94.
Rg6 Rc7 95. Ke6 Re7+ 96. Kf5 Kc4 97. Re6 Rf7+ 98. Rf6 Ra7 99. Re6 Kd5 100. Re5+ Kd4 101. Re4+ Kd3 102. Re5 Bd4 103. Rd5 Rf7+ 104. Ke6 Rf6+ 105. Ke7 Rh6 106. Ra5 Ke4 107. Rb5 Be5 108. Rb1 Kd5 109. Rb5+ Ke4 110. Rb1 Kf5 111. Rf1+ Bf4 112. Kd7 Ra6 113. Re1 Be5 114. Rf1+ Ke4 115. Ke7 Kd5 116. Rd1+ Bd4 117. Kf7 Ra7+ 118. Kg6 Ke5 119. Re1+ Kd6 120. Rd1 Kd5 121. Rb1 Rg7+ 122. Kf5 Rf7+ 123. Kg6 Rf6+ 124. Kg5 Ke6 125. Re1+ Be5 126. Re2 Rf7 127. Kg4 Rf4+ 128. Kg5 Rf3 129. Kg4 Rg3+ 130. Kh4 Rg8 131. Rf2 Kd5 132. Ra2 Ke4 133. Ra4+ Kf5 134. Kh5 Rh8# 0-1

[Event "*** Titled Tuesday Blitz"]
[Site "Chess.com"]
[Date "2020.05.19"]
[Round "5"]
[White "woodhy"]
[Black "Igor_Lysyj"]
[Result "0-1"]
[WhiteElo "2447"]
[BlackElo "2780"]
[TimeControl "180+1"]
[EndTime "13:01:37 PDT"]
[Termination "Igor_Lysyj won by checkmate"]

1. e4 e5 2. Nf3 Nc6 3. Bb5 a6 4. Bxc6 dxc6 5. O-O Bd6 6. c3 Ne7 7. d4 Ng6 8. Re1 O-O 9. Be3 exd4 10. cxd4 Re8 11. Qc2 Bg4 12. Nbd2 Bb4 13. Qb3 a5 14. a3 Be6 15. Qc2 Bf8 16. Rad1 h6 17. Nf1 a4 18. Rd2 Bg4 19. Ng3 Qf6 20. e5 Qe6 21. Qe4 Qd7 22. h3 Be6 23. Nh4 Nxh4 24. Qxh4 Bd5 25. f4 c5 26.
dxc5 Qc6 27. Kh2 Ra5 28. Nf5 Be4 29. Nd4 Qg6 30. Rc1 Be7 31. Qg3 Qxg3+ 32. Kxg3 Rxc5 33. Rxc5 Bxc5 34. Nf5 Bf8 35. Nd4 f6 36. exf6 gxf6 37. Nf3 Kf7 38. Kf2 Bd6 39. g3 h5 40. h4 b6 41. Nd4 Bc5 42. Nc2 Bf8 43. Nb4 c5 44. Nd5 Rb8 45. Nc3 Bc6 46. Nd5 b5 47. f5 Rd8 48. Nf4 Rxd2+ 49. Bxd2 Be4 50. Nxh5 Bxf5 51.
Nf4 Bg4 52. Nd5 Ke6 53. Nc7+ Kd7 54. Nxb5 Kc6 55. Nc3 c4 56. Nxa4 Bd6 57. Nc3 Be5 58.
Bf4 Bd4+ 59. Be3 Be5 60. a4 Kb7 61. a5 Ka6 62. Bb6 Bf5 63. Kf3 Bd3 64. g4 f5 65.
gxf5 Bxf5 66. h5 Be6 67. Ke4 Bg7 68. Na4 Bf7 69. Nc5+ Kb5 70. Nd7 Bxb2 71. h6 c3 72. Bd4 Bg6+ 73. Ke3 Bc1+ 74. Ke2 c2 75. Ne5 Bxh6 76.
Bb2 Bf5 77. Nd3 Kc4 78. Ne1 Kb3 79. Nxc2 Kxb2 80. Nd4 Bc8 81. Kd3 Ka3 82. Kc4 Ka4 83.
Nc6 Ba6+ 84. Kc5 Be3+ 85. Kd6 Kb5 86. Kc7 Bf4+ 87. Kd7 Bb7 88. Nd4+ Kxa5 89. Ne6 Bh2 90.
Nc5 Bh1 91. Nb3+ Kb4 92. Nd4 Kc4 93. Nc6 Kc5 94. Ne7 Bb7 95. Ke6 Ba6 96. Nf5 Bc4+ 97. Kf6 Bb8 98. Ng7 Ba7 99. Ne6+ Kd5 100. Ng5 Bd4+ 101. Kf5 Bd3+ 102. Kg4 Be5 103. Nf3 Bc7 104. Ng5 Be2+ 105. Kf5 Bd3+ 106. Kg4 Ke5 107. Nf3+ Ke4 108. Ng5+ Ke3 109. Ne6 Be5 110. Nf8 Ke4 111. Ne6 Bd6 112. Ng5+ Ke5 113. Nf3+ Kf6 114. Ng5 Be2+ 115. Kh4 Be7 116. Nh3 Kf5+ 117. Kg3 Bd6+ 118. Kg2 Bg4 119. Nf2 Be2 120. Nh3 Kg4 121. Nf2+ Kh4 122. Nh1 Bc4 123. Nf2 Bd5+ 124. Kf1 Kg3 125. Ke2 Bc4+ 126. Nd3 Bf4 127. Kd1 Bxd3 128. Ke1 Kf3 129. Kd1 Be3 130. Ke1 Bb6 131. Kd1 Ke3 132. Kc1 Ba5 133. Kd1 Bb4 134. Kc1 Ba3+ 135. Kd1 Bb2 136. Ke1 Bc2 137. Kf1 Kf3 138. Ke1 Bc3+ 139. Kf1 Bd3+ 140. Kg1 Kg3 141. Kh1 Bc4 142. Kg1 Bd4+ 143. Kh1 Bd5# 0-1

[Event "*** Titled Tuesday Blitz"]
[Site "Chess.com"]
[Date "2020.05.19"]
[Round "6"]
[White "RojonR"]
[Black "top_bu_tz"]
[Result "1-0"]
[WhiteElo "2409"]
[BlackElo "2229"]
[TimeControl "180+1"]
[EndTime "13:03:17 PDT"]
[Termination "RojonR won by resignation"]

1. e4 e5 2. Nf3 Nc6 3. Nc3 Nf6 4. Be2 Bc5 5. Nxe5 Nxe5 6. d4 Bd6 7. dxe5 Bxe5 8. Nb5 c6 9. Nd6+ Bxd6 10. Qxd6 Qe7 11. Qxe7+ Kxe7 12. e5 Nd5 13. c4 Nc7 14. O-O d6 15.
exd6+ Kxd6 16. Bf4+ Kd7 17. Rad1+ 1-0

[Event "*** Titled Tuesday Blitz"]
[Site "Chess.com"]
[Date "2020.05.19"]
[Round "6"]
[White "Dr-Bassem"]
[Black "grzechu96"]
[Result "1-0"]
[WhiteElo "2789"]
[BlackElo "2594"]
[TimeControl "180+1"]
[EndTime "13:03:31 PDT"]
[Termination "Dr-Bassem won by resignation"]

1. e4 e5 2. Nf3 Nc6 3. Bc4 Nf6 4. d3 h6 5. O-O d6 6. c3 g5 7. Bb3 Bg7 8. Nbd2 O-O 9. Nc4 Ne7 10. h4 g4 11. Nh2 c6 12. Ne3 d5 13. Nexg4 Nxg4 14. Nxg4 h5 15. Nh6+ 1-0

[Event "*** Titled Tuesday Blitz"]
[Site "Chess.com"]
[Date "2020.05.19"]
[Round "6"]
[White "RestartingChess"]
[Black "Gerasimenyuk_Miha"]
[Result "0-1"]
[WhiteElo "2543"]
[BlackElo "2388"]
[TimeControl "180+1"]
[EndTime "13:04:07 PDT"]
[Termination "Gerasimenyuk_Miha won by resignation"]

1. e4 d5 2. exd5 Qxd5 3. Nc3 Qa5 4. Nf3 Nf6 5. g3 Nc6 6. Bg2 Bg4 7. O-O O-O-O 8. d3 h5 9. h3 h4 10. Nxh4 Bxd1 11.
Rxd1 e6 12. Be3 Bc5 13. Bf4 g5 14. Bxg5 Bxf2+ 15. Kxf2 Qxg5 16. Nf3 Qg7 17. Ne2 Rhg8 18. a4 Nh5 19. g4 f5 20. gxh5 Qxg2+ 21. Ke3 e5 22.
Rg1 f4+ 23. Kd2 0-1

[Event "*** Titled Tuesday Blitz"]
[Site "Chess.com"]
[Date "2020.05.19"]
[Round "6"]
[White "The_Machine04"]
[Black "Ana_Berke"]
[Result "1-0"]
[WhiteElo "2268"]
[BlackElo "2093"]
[TimeControl "180+1"]
[EndTime "13:04:15 PDT"]
[Termination "The_Machine04 won by resignation"]

1. d4 Nf6 2. Bg5 c5 3. Bxf6 gxf6 4. d5 f5 5. c4 Bg7 6. Qc2 d6 7. Nc3 O-O 8. e3 e6 9. Bd3 Nd7 10. Nf3 Nf6 11. h3 Rb8 12. g4 fxg4 13. hxg4 exd5 14. Bxh7+ Kh8 15. g5 Ne4 16. Bxe4+ Kg8 17. Bh7+ Kh8 18. Bf5+ Kg8 19. Bxc8 1-0

[Event "*** Titled Tuesday Blitz"]
[Site "Chess.com"]
[Date "2020.05.19"]
[Round "6"]
[White "Piotrek1979"]
[Black "damayito"]
[Result "1-0"]
[WhiteElo "2363"]
[BlackElo "1631"]
[TimeControl "180+1"]
[EndTime "13:04:42 PDT"]
[Termination "Piotrek1979 won by resignation"]

1. e4 e6 2. d3 d5 3. Nd2 Nf6 4.
Ngf3 dxe4 5. dxe4 Nc6 6. Bb5 Bc5 7. O-O O-O 8. c3 Bd7 9. Qe2 a6 10. Bd3 e5 11. Nb3 Bb6 12. Be3 Ba7 13. Nc5 Re8 14. Nxb7 Qb8 15. Nc5 Qxb2 16. Qxb2 Rab8 17. Qe2 1-0

[Event "*** Titled Tuesday Blitz"]
[Site "Chess.com"]
[Date "2020.05.19"]
[Round "6"]
[White "NormWeinstein"]
[Black "Akhayan"]
[Result "1-0"]
[WhiteElo "2449"]
[BlackElo "2292"]
[TimeControl "180+1"]
[EndTime "13:04:54 PDT"]
[Termination "NormWeinstein won by resignation"]

1. e4 e6 2. d4 d5 3. Nd2 c5 4. Ngf3 cxd4 5. Nxd4 Nc6 6. Bb5 Bd7 7. Nxc6 Bxc6 8.
Bxc6+ bxc6 9. O-O Nf6 10. Qe2 Be7 11. b3 O-O 12. Bb2 a5 13. a4 Rb8 14. e5 Nd7 15. Nf3 c5 16. Bc3 d4 17. Bd2 Nb6 18. Bxa5 Ra8 19. Bxb6 Qxb6 20. Nd2 Qc7 21. Nc4 Rfc8 22. Rad1 Qc6 23. Rfe1 g6 24. Rd3 h5 25. Qe4 Qxe4 26.
Rxe4 Kg7 27. Nb6 1-0

[Event "*** Titled Tuesday Blitz"]
[Site "Chess.com"]
[Date "2020.05.19"]
[Round "6"]
[White "Vegan4future"]
[Black "davekoenig"]
[Result "1-0"]
[WhiteElo "2387"]
[BlackElo "2178"]
[TimeControl "180+1"]
[EndTime "13:04:57 PDT"]
[Termination "Vegan4future won by resignation"]

1. e4 e5 2. Nf3 Nc6 3. Bb5 Nf6 4. O-O Nxe4 5. Re1 Nd6 6. Nxe5 Be7 7. Nxc6 dxc6 8.
Bd3 O-O 9. c3 g6 10. Bc2 c5 11.
d4 cxd4 12. Qxd4 Bf6 13. Qd1 Bg7 14. Nd2 Bf5 15. Nf3 Bxc2 16. Qxc2 h6 17. Bf4 Qf6 18. Be5 Qf5 19. Qxf5 gxf5 20. Bxd6 cxd6 21. Rad1 Rad8 22. Re7 b5 23. Rxa7 b4 24. cxb4 Bxb2 25. b5 Rfe8 26. g3 Re2 27. a4 Ba3 28. Rc7 Bc5 29. Rxc5 1-0

[Event "*** Titled Tuesday Blitz"]
[Site "Chess.com"]
[Date "2020.05.19"]
[Round "6"]
[White "mamey78"]
[Black "MomchilPetkov"]
[Result "1-0"]
[WhiteElo "2392"]
[BlackElo "2523"]
[TimeControl "180+1"]
[EndTime "13:05:11 PDT"]
[Termination "mamey78 won by checkmate"]

1. e4 c5 2. Nf3 d6 3. d4 cxd4 4. Nxd4 Nf6 5. Nc3 a6 6. Bg5 Nbd7 7. Qe2 Qc7 8. O-O-O e6 9. f4 b5 10. g4 b4 11. Nd5 exd5 12. exd5+ Be7 13. Nf5 Nc5 14. Nxg7+ Kf8 15. Bh6 Kg8 16. Nh5 b3 17. Nxf6+ Bxf6 18. Qe8# 1-0

[Event "*** Titled Tuesday Blitz"]
[Site "Chess.com"]
[Date "2020.05.19"]
[Round "6"]
[White "stoleriu"]
[Black "czasnaszachy"]
[Result "1/2-1/2"]
[WhiteElo "2551"]
[BlackElo "2380"]
[TimeControl "180+1"]
[EndTime "13:05:20 PDT"]
[Termination "Game drawn by agreement"]

1. e4 e5 2. Nf3 Nc6 3. Bb5 a6 4. Ba4 Nf6 5. d3 d6 6. c3 g6 7.
O-O Bg7 8. Re1 O-O 9. Bg5 h6 10. Bh4 Bd7 11. Nbd2 Qe8 12. Bxf6 Bxf6 13. Nf1 Bg7 14.
Ne3 Ne7 15. Bxd7 Qxd7 16. d4 exd4 17. cxd4 Rfe8 18. Rc1 c6 19. Nc4 Rad8 20. Qb3 Qc7 21. h3 d5 22. Qb6 Qxb6 23. Nxb6 dxe4 24. Rxe4 Nf5 25. Rxe8+ 1/2-1/2

[Event "*** Titled Tuesday Blitz"]
[Site "Chess.com"]
[Date "2020.05.19"]
[Round "6"]
[White "VALPARAISO37"]
[Black "Patolindo"]
[Result "1-0"]
[WhiteElo "2300"]
[BlackElo "2112"]
[TimeControl "180+1"]
[EndTime "13:05:27 PDT"]
[Termination "VALPARAISO37 won by resignation"]

1. d4 Nf6 2. c4 g6 3. Nc3 d5 4. Bf4 Bg7 5. Nf3 O-O 6. e3 c5 7.
dxc5 Qa5 8. Rc1 Nc6 9. a3 dxc4 10. Bxc4 Qxc5 11. Ba2 Rd8 12. Qe2 e5 13. Bg3 e4 14. Nd2 Bg4 15. Qc4 Qxc4 16. Nxc4 Rac8 17. Nd6 Rc7 18. Ncb5 Rcd7 19. h3 Bh5 20. O-O a6 21. Nxf7 Rxf7 22. Nd6 g5 23. Nxb7 Rc8 24. Nd6 1-0

[Event "*** Titled Tuesday Blitz"]
[Site "Chess.com"]
[Date "2020.05.19"]
[Round "6"]
[White "CakeinSpace2002"]
[Black "Grandmaster2B"]
[Result "0-1"]
[WhiteElo "2218"]
[BlackElo "2403"]
[TimeControl "180+1"]
[EndTime "13:05:30 PDT"]
[Termination "Grandmaster2B won by resignation"]

1. Nf3 c5 2. e4 d6 3. d4 cxd4 4. Qxd4 Nc6 5. Bb5 Bd7 6. Bxc6 Bxc6 7. Nc3 Nf6 8. Bg5 Qb6 9. Qxb6 axb6 10. O-O-O Nxe4 11.
Rhe1 Nxc3 12. bxc3 Rxa2 13. Kb1 Ra5 14. Rxd6 Bxf3 15.
Be3 exd6 16. Bxb6+ Re5 0-1

[Event "*** Titled Tuesday Blitz"]
[Site "Chess.com"]
[Date "2020.05.19"]
[Round "6"]
[White "GelmanAlexander"]
[Black "Karacsonyi_Gellert"]
[Result "1-0"]
[WhiteElo "2587"]
[BlackElo "2457"]
[TimeControl "180+1"]
[EndTime "13:05:33 PDT"]
[Termination "GelmanAlexander won by resignation"]

1. c4 Nf6 2. Nf3 e6 3. d3 d5 4. Nbd2 Be7 5. b3 O-O 6. Bb2 b6 7. e3 Bb7 8. Rg1 c5 9. g4 Nbd7 10. g5 Ne8 11. h4 f6 12. Qc2 Qc7 13. O-O-O a6 14. h5 b5 15. Kb1 bxc4 16. dxc4 a5 17. cxd5 exd5 18. Bd3 c4 19. Bxh7+ Kh8 20. h6 cxb3 21.
hxg7+ Kxg7 22. gxf6+ 1-0

[Event "*** Titled Tuesday Blitz"]
[Site "Chess.com"]
[Date "2020.05.19"]
[Round "6"]
[White "FontVella8"]
[Black "PredragNikac"]
[Result "0-1"]
[WhiteElo "2536"]
[BlackElo "2309"]
[TimeControl "180+1"]
[EndTime "13:05:37 PDT"]
[Termination "PredragNikac won by resignation"]

1. e4 d5 2. exd5 Nf6 3. Nf3 Qxd5 4. d4 Bg4 5. Be2 Nc6 6. Be3 O-O-O 7. c4 Qh5 8. Nc3 e5 9. d5 e4 10. Nd4 Ne5 11.
Qa4 Bxe2 12. Ncxe2 Nd3+ 13. Kf1 Bc5 14. Ng3 Qe5 15.
Nge2 Ng4 16. b4 Nxe3+ 17. fxe3 Qf6+ 18. Nf3 Qxa1+ 0-1

[Event "*** Titled Tuesday Blitz"]
[Site "Chess.com"]
[Date "2020.05.19"]
[Round "6"]
[White "LuckSlayeer"]
[Black "chenxiaoyuer"]
[Result "1-0"]
[WhiteElo "2446"]
[BlackElo "2284"]
[TimeControl "180+1"]
[EndTime "13:05:38 PDT"]
[Termination "LuckSlayeer won by resignation"]

1. Nf3 Nf6 2. c4 g6 3. Nc3 Bg7 4. e4 d6 5. d4 O-O 6. Be2 e5 7. O-O Nc6 8. d5 Ne7 9. b4 a5 10. Ba3 Nh5 11. bxa5 f5 12. Ng5 Nf6 13. Bf3 Rxa5 14.
Bb4 Ra8 15. Re1 h6 16. Ne6 Bxe6 17. dxe6 c5 18. Nb5 cxb4 19. Nxd6 Qb6 20. exf5 Rfd8 21. c5 Qxc5 22. Nxb7 Rxd1 23. Nxc5 Rxa1 24. Rxa1 gxf5 25. Bxa8 1-0